[Event "MČR juniorů a juniorek v rapid šachu 2024"]
[Site "Hotel Fit Fun, Harrachov, Czech Republic"]
[Date "2024.09.22"]
[Round "9.25"]
[White "Hrazdira Matyas Josef"]
[Black "Marxova Sarka"]
[Result "0-1"]
[TimeControl "20+5"]
[WhiteFideId "23732954"]
[BlackFideId "23701862"]
[WhiteElo "1786"]
[BlackElo "1684"]

1. e4 c5 2. Nf3 d6 3. d4 cxd4 4. Nxd4 Nf6 5. Nc3 a6 6. f3 g6 7. Be3 Bg7 8. Qd2 b5 9. a3 Bb7 10.
g4 Nbd7 11. g5 Nh5 12. Be2 Rc8 13. f4 Nc5 14. Bxh5 gxh5 15. Qg2 e6 16. O-O f5 17. Rae1 Qe7 18. Qh3 Nxe4 19. Nxe4 Bxe4 20.
Qxh5+ Kd8 21. c3 Kc7 22. Ra1 Qe8 23. Qe2 Bd5 24. Qc2 h6 25. a4 Qh5 26. Rf2 Qg4+ 27. Kf1 Qh3+ 28. Ke2 Bc4+ 29.
Kd2 hxg5 30. axb5 gxf4 0-1



[ePGN "0.1;DGT LiveChess/2.2.6"]

[Event "MČR juniorů a juniorek v rapid šachu 2024"]
[Site "Hotel Fit Fun, Harrachov, Czech Republic"]
[Date "2024.09.22"]
[Round "9.26"]
[White "Fousek Petr"]
[Black "Kopecka Libuse"]
[Result "1-0"]
[TimeControl "20+5"]
[WhiteFideId "23736003"]
[BlackFideId "23748826"]
[WhiteElo "1731"]
[BlackElo "1496"]

1. e4 c5 2. Nc3 Nc6 3. f4 d6 4. a4 g6 5. Bc4 Bg7 6. Nf3 Bg4 7. Bxf7+ Kxf7 8. Ng5+ Ke8 9. Qxg4 Nh6 10. Qh3 Nd4 11. O-O Qd7 12. Qd3 Kd8 13.
Nb5 a6 14. Nxd4 Bxd4+ 15. Kh1 Kc7 16. Qc4 b5 17. Qd5 Qc6 18. Ne6+ Kd7 19. Nxd4 Qxd5 20. exd5 cxd4 21. b3 Rhf8 22.
Bb2 Rf5 23. axb5 Rxd5 24. bxa6 Kc7 25. Ra4 e5 26. fxe5 dxe5 27. Rf6 Rd6 28. Rxd6 Kxd6 29. c3 dxc3 30. Bxc3 Nf7 31. b4 e4 32.
Kg1 Kc7 33. Bd4 Nd6 34. Be5 Kc6 35. Bxd6 Kxd6 36. Ra5 h5 37. Kf2 Kc6 38. Ke3 Kb6 39. a7 Rxa7 40. Rxa7 Kxa7 41. Kxe4 Kb6 42. Kd4 Kb5 43. Kc3 g5 44.
h3 h4 45. d4 Kc6 46. Kc4 Kd6 47.
b5 Ke6 48. b6 Kf5 49. b7 Kf4 50. b8=Q Ke3 51. Qe5+ Kf2 52.
Qxg5 Kg1 53. Qe3+ Kxg2 54. Kd3 1-0



[ePGN "0.1;DGT LiveChess/2.2.6"]

[Event "MČR juniorů a juniorek v rapid šachu 2024"]
[Site "Hotel Fit Fun, Harrachov, Czech Republic"]
[Date "2024.09.22"]
[Round "9.27"]
[White "Vratil Tomas"]
[Black "Plzak David"]
[Result "1/2-1/2"]
[TimeControl "20+5"]
[WhiteFideId "23756870"]
[BlackFideId "23776234"]
[WhiteElo "1671"]
[BlackElo "1625"]

1. e4 c5 2. c3 Nf6 3. e5 Nd5 4.
d4 cxd4 5. cxd4 d6 6. Nf3 Nc6 7.
Bc4 Nb6 8. Bb3 dxe5 9. Nxe5 Nxe5 10. dxe5 Qxd1+ 11. Bxd1 g6 12. f4 Bg7 13. Bf3 O-O 14. O-O Rb8 15. Be3 Bd7 16. Nc3 Bc6 17.
Rad1 Rbd8 18. Bc5 Rxd1 19. Bxd1 Re8 20. Bb3 e6 21. Rd1 f6 22. Bd6 fxe5 23. fxe5 Nd7 24. Re1 Bf8 25. Ne4 Bxe4 26.
Rxe4 Bxd6 27. exd6 Nc5 28. Rb4 Nxb3 29. Rxb3 b6 30. Kf2 Rd8 31. Rd3 Kf7 32. Ke3 e5 33. Ke4 Ke6 34. d7 Rxd7 35. Rxd7 Kxd7 36. Kxe5 Ke7 37. h4 h6 38. b4 a6 39. Ke4 1/2-1/2



[ePGN "0.1;DGT LiveChess/2.2.6"]

[Event "MČR juniorů a juniorek v rapid šachu 2024"]
[Site "Hotel Fit Fun, Harrachov, Czech Republic"]
[Date "2024.09.22"]
[Round "9.28"]
[White "Pejrimovsky Tadeas Rubel"]
[Black "Macova Marketa"]
[Result "1-0"]
[TimeControl "20+5"]
[WhiteFideId "23709537"]
[BlackFideId "23715588"]
[WhiteElo "1895"]
[BlackElo "1587"]

1. e4 c5 2. b4 e5 3. Nf3 Qc7 4. Bb2 d6 5. bxc5 Qxc5 6. Nc3 Nf6 7. Bb5+ Bd7 8. Bxd7+ Nbxd7 9. O-O Be7 10.
Re1 O-O 11. Nh4 Bd8 12. Qe2 Qc6 13. Nf5 Rc8 14. Ba3 Bc7 15. Ne7+ 1-0



[ePGN "0.1;DGT LiveChess/2.2.6"]

[Event "MČR juniorů a juniorek v rapid šachu 2024"]
[Site "Hotel Fit Fun, Harrachov, Czech Republic"]
[Date "2024.09.22"]
[Round "9.29"]
[White "Slivova Linda"]
[Black "Boff Vojtech"]
[Result "1-0"]
[TimeControl "20+5"]
[WhiteFideId "23709294"]
[BlackFideId "23733969"]
[WhiteElo "1630"]
[BlackElo "1719"]

1. d4 Nf6 2. Nf3 e6 3. Bf4 b6 4.
e3 Bb7 5. Nbd2 d5 6. Bd3 Be7 7. Ne5 c5 8. c3 O-O 9. Qf3 Nc6 10. Qh3 g6 11. Bh6 Re8 12. f4 cxd4 13.
exd4 Nd7 14. Qg4 Nf6 15. Qf3 Qd6 16. h4 Bf8 17. Bg5 Bg7 18. h5 Nxh5 19. Rxh5 gxh5 20. Qxh5 Nxe5 21. Bxh7+ Kf8 22.
fxe5 Bxe5 23. O-O-O Bg7 24. Rf1 Qd7 25. Bg6 f5 26. Bxe8 Qxe8 27. Qe2 Qg6 28. Bf4 Re8 29. Nf3 Re7 30.
Bd6 Bh6+ 31. Kb1 f4+ 32. Qc2 Qg7 33. Ne5 Ke8 34. Bxe7 Kxe7 35. Qg6 Ba6 36. Qxg7+ Bxg7 37. Rxf4 Bxe5 38. dxe5 Bd3+ 39. Kc1 Be4 40.
g4 Ke8 41. Rf6 Ke7 42. g5 Bf5 43. g6 a6 44. g7 Bh7 45. Rf8 1-0



[ePGN "0.1;DGT LiveChess/2.2.6"]

[Event "MČR juniorů a juniorek v rapid šachu 2024"]
[Site "Hotel Fit Fun, Harrachov, Czech Republic"]
[Date "2024.09.22"]
[Round "9.3"]
[White "Mikolas Petr"]
[Black "Jun Rudolf"]
[Result "0-1"]
[TimeControl "20+5"]
[WhiteFideId "23713224"]
[BlackFideId "376612"]
[WhiteElo "1892"]
[BlackElo "2142"]

1. e4 c5 2. Nf3 Nc6 3. d4 cxd4 4. Nxd4 Nf6 5. Nc3 e5 6. Ndb5 d6 7.
Bg5 a6 8. Na3 b5 9. Nd5 Be7 10.
Bxf6 Bxf6 11. c3 O-O 12. Nc2 Rb8 13. a4 bxa4 14. Rxa4 a5 15. b4 axb4 16. cxb4 Bg5 17. Bc4 Ne7 18. O-O Be6 19. Ra3 Rc8 20.
Nxe7+ Bxe7 21. Bxe6 fxe6 22. Ne3 Rb8 23. Rb3 Rf4 24. Qd3 d5 25. exd5 Rd4 26. Qa6 Qb6 27. Qxb6 Rxb6 28. dxe6 g6 29. b5 Kg7 30. g3 Kf6 31. Rc1 Kxe6 32. Nc4 Rb8 33. b6 Bd8 34. b7 Rd7 35.
Rcb1 Rc7 36. Ne3 Rc6 37. Rb5 h5 38. Ra1 Bc7 39. Ra8 Kd7 40. Nd5 Bd6 41. Nb4 Rc1+ 42. Kg2 Rb1 43. Na6 Rxb5 44. Nxb8+ Kc7 45. Nd7 Kxd7 46. Rg8 Rxb7 47. Rg7+ Be7 48.
Rxg6 Rb2 49. Rh6 h4 50. gxh4 Bc5 51. Rf6 Ke7 52. Rf3 Ke6 53. Kg3 e4 54.
Rc3 Bxf2+ 55. Kf4 e3 56.
Kf3 Rb4 57. h5 Rh4 58. Rc6+ Kd5 59. Rh6 Rxh2 60. Rh7 Ke6 61. h6 Kf6 62. Ke2 Bg1+ 63. Ke1 Bf2+ 64. Ke2 Kg6 65. Rh8 Rxh6 66. Rg8+ Kf7 67. Rg2 Ke6 68.
Kd3 Kf5 69. Rg8 Ra6 70. Rf8+ Kg4 71. Rg8+ Kf3 72. Rf8 Kg2 73. Ke4 0-1



[ePGN "0.1;DGT LiveChess/2.2.6"]

[Event "MČR juniorů a juniorek v rapid šachu 2024"]
[Site "Hotel Fit Fun, Harrachov, Czech Republic"]
[Date "2024.09.22"]
[Round "9.30"]
[White "Lebeda Frantisek Jiri"]
[Black "Pes Matej"]
[Result "0-1"]
[TimeControl "20+5"]
[BlackFideId "23766816"]
[WhiteElo "1000"]
[BlackElo "1697"]

1. e4 e5 2. Nf3 Nc6 3. Bb5 a6 4. Ba4 Nf6 5. O-O b5 6. Bb3 Bb7 7. Re1 Bc5 8. c3 d6 9. d3 O-O 10.
Bg5 Bb6 11. Nbd2 Nb8 12. a4 Nbd7 13. axb5 axb5 14. Qc2 h6 15. Be3 Nc5 16. Bxc5 Bxc5 17. h3 Qe7 18. Rxa8 Rxa8 19. Rf1 Nh5 20.
d4 Bb6 21. g3 Qd7 22. Kg2 Re8 23. d5 Bc8 24. Rh1 f5 25. c4 Nf6 26. cxb5 fxe4 27. Nxe4 Nxe4 28. Qxe4 Qxb5 29. Qa4 Bd7 30.
Qxb5 Bxb5 31. Re1 Bc5 32. Nd2 Bd3 33. Bc4 Bg6 34. b3 Rf8 35. Re2 Rf6 36. f3 Kf8 37. Ne4 Bxe4 38. Rxe4 Ke7 39. f4 Bd4 40. Kf3 Kd7 41.
Bb5+ Ke7 42. Bc6 Rf8 43. g4 Rb8 44. Ba4 Kf6 45. fxe5+ dxe5 46. h4 Rd8 47. Bc6 Rb8 48. Ba4 Rb6 49.
Ke2 Ke7 50. Kf3 Kd6 51. Rxd4 exd4 52. Ke4 Kc5 53. h5 Rf6 54. Be8 Kb4 55. Ba4 Kc3 56. Bc6 d3 0-1



[ePGN "0.1;DGT LiveChess/2.2.6"]

[Event "MČR juniorů a juniorek v rapid šachu 2024"]
[Site "Hotel Fit Fun, Harrachov, Czech Republic"]
[Date "2024.09.22"]
[Round "9.31"]
[White "Krizan Jakub"]
[Black "Jun Rostislav"]
[Result "0-1"]
[TimeControl "20+5"]
[WhiteFideId "23717017"]
[BlackFideId "23719524"]
[WhiteElo "1000"]
[BlackElo "1641"]

1. e4 c5 2. Nf3 Nc6 3. Bc4 e6 4. c3 Nf6 5. d4 cxd4 6.
cxd4 d6 7. Nc3 Be7 8. O-O O-O 9.
Bg5 a6 10. a4 Qc7 11. Qd2 h6 12. Bh4 b6 13. Rad1 Bb7 14. Bd3 Nb4 15. Bb1 Nc6 16. Ne2 a5 17. Ng3 Qd8 18. Qc2 Rc8 19.
Bxf6 gxf6 20. e5 f5 21. Qd2 Bg5 22. Nxg5 Qxg5 23. f4 Qg6 24. Qe2 Nb4 25. Qb5 Rb8 26. Qd7 Rfd8 27. Qe7 Nd5 28. Qh4 Ne3 29. Rd3 Nxf1 30.
Nxf1 Qxg2# 0-1



[ePGN "0.1;DGT LiveChess/2.2.6"]

[Event "MČR juniorů a juniorek v rapid šachu 2024"]
[Site "Hotel Fit Fun, Harrachov, Czech Republic"]
[Date "2024.09.22"]
[Round "9.32"]
[White "Dufkova Tereza"]
[Black "Hyam Robin"]
[Result "0-1"]
[TimeControl "20+5"]
[WhiteFideId "23744383"]
[BlackFideId "23773413"]
[WhiteElo "1601"]
[BlackElo "1571"]

1. e4 c5 2. Bc4 e6 3. Nc3 Nc6 4. Nf3 a6 5. a4 Nge7 6. d3 d5 7. exd5 exd5 8. Ba2 b5 9. axb5 axb5 10.
Nxb5 Qa5+ 11. Bd2 Qxb5 12. Bxd5 Rxa1 13.
Bxc6+ Nxc6 14. Qxa1 Be7 15. O-O O-O 16. Re1 Bf6 17. Bc3 Bxc3 18. bxc3 Qa5 19. c4 Qxa1 20. Rxa1 Bg4 21. Nd2 Nd4 22.
Ra2 Bd1 23. Ne4 Re8 24. h3 Bxc2 25. Nxc5 Re1+ 26. Kh2 g6 27. Ra8+ Kg7 28. Rd8 Nb3 29.
d4 Nxc5 30. dxc5 Re5 31. Rd5 Rxd5 32. cxd5 Bb3 33. d6 Ba4 34.
Kg3 Kf6 35. Kf4 Bc6 36. g4 g5+ 37. Kg3 Ke5 38. h4 h6 39. hxg5 hxg5 40. Kh3 Kf4 41. Kh2 Kxg4 42. Kg1 Kf5 43.
Kh2 Ke5 44. Kg3 f5 45. Kh3 Kd5 46. Kg3 Kxc5 47. f4 g4 48.
Kh4 Kxd6 49. Kg3 Be4 50. Kh4 Kd5 51. Kg3 Kd4 52. Kh4 Ke3 53. Kh5 Bf3 54. Kh4 Kxf4 55. Kh5 g3+ 56. Kh4 g2 57. Kh3 g1=B 58. Kh4 Bf2 59. Kh3 Ke3 60. Kh2 Ke2 61. Kh3 Kf1 62. Kh2 Bg1+ 63. Kg3 Bg2 64. Kf4 Bf2 65. Kxf5 Bf3 66. Kf4 Ke2 67. Ke5 Be3 68.
Kf5 Kd3 69. Ke5 Be4 70. Ke6 Bd4 71.
Kd6 Kc4 72. Ke6 Kd3 73. Ke7 Bd5 74. Kd6 Kc4 75. Ke7 Be5 76.
Kd7 Kd4 77. Ke7 Kc5 78. Kd7 Bd6 79. Ke8 Be6 80. Kd8 Kd5 81. Ke8 Kc6 82. Kd8 Bf7 83. Kc8 Be7 84. Kb8 Kb6 85. Kc8 Be6+ 86. Kb8 Bd6+ 87. Ka8 Bd5# 0-1



[ePGN "0.1;DGT LiveChess/2.2.6"]

[Event "MČR juniorů a juniorek v rapid šachu 2024"]
[Site "Hotel Fit Fun, Harrachov, Czech Republic"]
[Date "2024.09.22"]
[Round "9.33"]
[White "Hudik Martin"]
[Black "Vondra Filip"]
[Result "1/2-1/2"]
[TimeControl "20+5"]
[WhiteFideId "23769947"]
[BlackFideId "23725176"]
[WhiteElo "1572"]
[BlackElo "1598"]

1. e4 d5 2. exd5 Nf6 3. d4 Nxd5 4. Nf3 Bg4 5. Be2 Nc6 6. O-O e6 7.
c4 Nb6 8. c5 Nd5 9. Be3 Be7 10. h3 Bh5 11. Re1 O-O 12. Nbd2 a6 13. Nf1 Bf6 14. Ng3 Bg6 15. a3 Qd7 16.
Bd3 Bxd3 17. Qxd3 Rad8 18. Rad1 Nxe3 19. fxe3 e5 20. d5 Ne7 21. e4 Ng6 22. Qd2 Nf4 23. Ne2 Nxe2+ 24. Rxe2 Qe7 25.
b4 h6 26. Qc3 1/2-1/2



[ePGN "0.1;DGT LiveChess/2.2.6"]

[Event "MČR juniorů a juniorek v rapid šachu 2024"]
[Site "Hotel Fit Fun, Harrachov, Czech Republic"]
[Date "2024.09.22"]
[Round "9.34"]
[White "Kopecka Anna"]
[Black "Tichy Richard"]
[Result "0-1"]
[TimeControl "20+5"]
[WhiteFideId "23767740"]
[BlackFideId "23727063"]
[WhiteElo "1431"]
[BlackElo "1698"]

1. d4 d5 2. Nf3 Nf6 3.
e3 g6 4.
Bd3 Bg7 5. Nbd2 Nc6 6. a3 O-O 7.
O-O Re8 8. b3 e5 9. dxe5 Nxe5 10. Nxe5 Rxe5 11. Bb2 Re6 12. c4 b6 13. cxd5 Qxd5 14.
Qc2 Bb7 15. Nf3 c5 16. Bc4 Qe4 17. Qxe4 Rxe4 18. Rad1 a6 19. Ne5 Ng4 20. Nxg4 Bxb2 21. h3 Kg7 22. a4 h5 23. Nh2 Re7 24.
Rd2 Be5 25. Rfd1 Bc6 26. Nf3 Bc7 27. Bd5 Bxd5 28. Rxd5 a5 29. Rd7 Rae8 30. Rxe7 Rxe7 31. Nd2 Rd7 32. Kf1 Be5 33. Ke2 Bc7 34.
Rc1 Bd8 35. Nc4 g5 36. Ne5 Rd5 37. Nf3 g4 38. hxg4 hxg4 39. Nd2 Bc7 40. Ne4 Re5 41. Nc3 Re6 42. Rd1 g3 43. f3 Bf4 44.
Nd5 Bg5 45. e4 Kg6 46. Nxb6 Rxb6 47.
Rd5 f6 48. Rxc5 Rxb3 49. Rxa5 Rb2+ 50. Kf1 Rf2+ 51. Kg1 Be3 52. Ra6 Rxf3+ 0-1



[ePGN "0.1;DGT LiveChess/2.2.6"]

[Event "MČR juniorů a juniorek v rapid šachu 2024"]
[Site "Hotel Fit Fun, Harrachov, Czech Republic"]
[Date "2024.09.22"]
[Round "9.35"]
[White "Zadrapova Gabriela"]
[Black "Martinkovicova Nela"]
[Result "0-1"]
[TimeControl "20+5"]
[WhiteFideId "23753056"]
[BlackFideId "23715596"]
[WhiteElo "1456"]
[BlackElo "1446"]

1. e4 e5 2. Nf3 Nf6 3. Nc3 Nc6 4. Bb5 d6 5. O-O a6 6. Ba4 b5 7. Bb3 Bg4 8. d3 Nd4 9. Bg5 h6 10. Bh4 g5 11. Bg3 Nxf3+ 12. gxf3 Bh3 13. Re1 h5 14. Qd2 Rg8 15. Kh1 h4 16. Bxe5 dxe5 17. Rg1 Qd7 18. Nd5 Nxd5 19. Bxd5 c6 20.
Bb3 g4 21. Qc3 Bd6 22. Qd2 O-O-O 23. Qe3 gxf3 24. Qxf3 Bg4 25. Qxf7 Qxf7 26. Bxf7 Bf3+ 27. Rg2 Rxg2 28. Rg1 Rg3+ 29.
Rg2 Rxg2 30. h3 Rg7+ 31. Kh2 Rxf7 0-1



[ePGN "0.1;DGT LiveChess/2.2.6"]

[Event "MČR juniorů a juniorek v rapid šachu 2024"]
[Site "Hotel Fit Fun, Harrachov, Czech Republic"]
[Date "2024.09.22"]
[Round "9.36"]
[White "Horvath Michal"]
[Black "Taborska Aneta"]
[Result "0-1"]
[TimeControl "20+5"]
[BlackFideId "23733039"]
[WhiteElo "1000"]
[BlackElo "1582"]

1. e4 d5 2. exd5 Qxd5 3. Nc3 Qa5 4. Nf3 Bg4 5. d3 Nc6 6. Bd2 O-O-O 7. h3 Bh5 8. Ne4 Qb6 9. g3 e5 10. Bg2 Be7 11. O-O f5 12. Bg5 fxe4 13. Bxe7 Ncxe7 14. g4 Bxg4 15. hxg4 exf3 16. Qxf3 Nf6 17. c4 Nd7 18. b4 Rhf8 19. Qe4 Rf4 20. Qxh7 Rxg4 21. Qh3 Rg6 22. Rfe1 Kb8 23.
c5 Qc6 24. Kf1 Qf6 25. Qe3 Nf5 26. Qf3 c6 27. b5 Nxc5 28. bxc6 Rxd3 29. c7+ Kc8 30. Qxb7+ Nxb7 31. Bxb7+ Kxb7 32.
Rab1+ Kxc7 33. Rec1+ Kd6 34. Rc6+ Kxc6 35. Rb6+ axb6 36. a4 Ne3+ 37. Ke2 Rd4 38. a5 bxa5 39. Ke1 Rg1+ 40. Ke2 Rg2 41. Kxe3 Qxf2# 0-1



[ePGN "0.1;DGT LiveChess/2.2.6"]

[Event "MČR juniorů a juniorek v rapid šachu 2024"]
[Site "Hotel Fit Fun, Harrachov, Czech Republic"]
[Date "2024.09.22"]
[Round "9.4"]
[White "Lihotsky Lukas"]
[Black "Markina Sofiia"]
[Result "1-0"]
[TimeControl "20+5"]
[WhiteFideId "23727004"]
[BlackFideId "23744014"]
[WhiteElo "1975"]
[BlackElo "1885"]

1. d4 d5 2. c4 c6 3. Nc3 Nf6 4. Nf3 dxc4 5. a4 Bf5 6. Ne5 Nbd7 7. Nxc4 Nb6 8. Ne3 Be6 9. a5 Nc4 10. Nxc4 Bxc4 11. g3 g6 12. Bg2 Bg7 13. Qa4 Bd5 14.
Nxd5 Nxd5 15. a6 b5 16. Qb3 O-O 17. O-O e6 18. Rd1 Qb6 19. e4 Nc7 20. Be3 Rfd8 21. d5 c5 22. d6 Rxd6 23.
Rxd6 Qxd6 24. e5 Bxe5 25. Bxa8 Nxa8 26. Qxb5 Bd4 27. Bxd4 cxd4 28. Qe8+ Kg7 29. Qxa8 e5 30. Qxa7 d3 31. Qe3 d2 32. Qe2 1-0



[ePGN "0.1;DGT LiveChess/2.2.6"]

[Event "MČR juniorů a juniorek v rapid šachu 2024"]
[Site "Hotel Fit Fun, Harrachov, Czech Republic"]
[Date "2024.09.22"]
[Round "9.5"]
[White "Sichrovsky Tomas"]
[Black "Rousek Jan"]
[Result "0-1"]
[TimeControl "20+5"]
[WhiteFideId "23704730"]
[BlackFideId "386669"]
[WhiteElo "1928"]
[BlackElo "1958"]

1. d4 Nf6 2. c4 g6 3.
Nc3 d5 4. cxd5 Nxd5 5. e4 Nxc3 6. bxc3 Bg7 7. Bc4 c5 8. Ne2 Nc6 9. Be3 O-O 10. O-O cxd4 11. cxd4 b6 12. Rc1 Bb7 13.
Bd5 Na5 14. Bxb7 Nxb7 15. Qd2 Qd7 16. d5 Rac8 17. Nd4 Nd6 18. Qd3 e6 19. dxe6 fxe6 20. Rcd1 Nc4 21. Qb3 Nxe3 22. Qxe3 Rfd8 23.
e5 Rc4 24. Nf5 Qxd1 25. Ne7+ Kf7 26. Qf3+ Qxf3 0-1



[ePGN "0.1;DGT LiveChess/2.2.6"]

[Event "MČR juniorů a juniorek v rapid šachu 2024"]
[Site "Hotel Fit Fun, Harrachov, Czech Republic"]
[Date "2024.09.22"]
[Round "9.6"]
[White "Slaby Matej"]
[Black "Garabik Marek"]
[Result "1-0"]
[TimeControl "20+5"]
[WhiteFideId "23734876"]
[BlackFideId "23717742"]
[WhiteElo "1948"]
[BlackElo "1933"]

1. Nf3 e6 2. d4 d5 3. e3 Nf6 4. Bd3 Bd6 5. Nbd2 O-O 6. O-O c6 7. Re1 Nbd7 8. e4 dxe4 9. Nxe4 Nxe4 10. Rxe4 Nf6 11. Rh4 g6 12. Bh6 Re8 13. Qd2 Be7 14. Bg5 Nh5 15.
Bxe7 Qxe7 16. Qh6 Qf8 17. Rxh5 Qxh6 18.
Rxh6 Kg7 19. Rh4 f5 20. Ne5 Rd8 21.
c3 h6 22. f4 c5 23. dxc5 g5 24. Rh3 Bd7 25. Re1 Be8 26. Rf3 Bh5 27. Rf2 Kf6 28. Bc4 Rac8 29. b4 Rc7 30. fxg5+ hxg5 31.
g4 Be8 32. gxf5 exf5 33. Ng4+ Kg6 34. Re6+ Kh5 35. Nf6+ Kh4 36. Rxe8 Rd1+ 37. Kg2 g4 38. Rxf5 Rd2+ 39. Rf2 Rd1 40. Rf5 Rd2+ 41. Be2 Rxe2+ 42. Rxe2 Rh7 43. Re4 Rh5 1-0



[ePGN "0.1;DGT LiveChess/2.2.6"]

[Event "MČR juniorů a juniorek v rapid šachu 2024"]
[Site "Hotel Fit Fun, Harrachov, Czech Republic"]
[Date "2024.09.22"]
[Round "9.7"]
[White "Steinbauer Sebastian"]
[Black "Urbansky Stepan"]
[Result "1-0"]
[TimeControl "20+5"]
[WhiteFideId "399272"]
[BlackFideId "23761741"]
[WhiteElo "2062"]
[BlackElo "1837"]

1. e4 c5 2. d4 cxd4 3. c3 Nf6 4. e5 Nd5 5. cxd4 d6 6. Nf3 Nc6 7. Nc3 dxe5 8. dxe5 Nxc3 9. Qxd8+ Kxd8 10.
bxc3 Bf5 11. Bb5 Rc8 12. Bxc6 bxc6 13. Be3 Rc7 14. O-O e6 15. Rfd1+ Kc8 16. Rd2 Be7 17. Nd4 Be4 18. f3 Bd5 19.
Rc1 Bc4 20. Nb3 Bxb3 21. axb3 Rd8 22. Rxd8+ Bxd8 23. Ra1 Rb7 24. b4 Bb6 25. Kf2 Kd7 26. Bxb6 axb6 27. Ra8 h5 28. Rf8 Ke7 29.
Rc8 Kd7 30. Rh8 g6 31. g4 hxg4 32. fxg4 Ra7 33. Ke3 c5 34. bxc5 bxc5 35. Rf8 Kc6 36. Kf4 Kd5 37. h4 Kc4 38.
h5 gxh5 39. gxh5 Kxc3 40. h6 Ra1 41. h7 Rh1 42. h8=Q Rxh8 43. Rxh8 c4 44. Rd8 Kc2 45. Kg5 c3 46. Kf6 Kc1 47.
Kxf7 1-0



[ePGN "0.1;DGT LiveChess/2.2.6"]

[Event "MČR juniorů a juniorek v rapid šachu 2024"]
[Site "Hotel Fit Fun, Harrachov, Czech Republic"]
[Date "2024.09.22"]
[Round "9.8"]
[White "Juhanak Daniel"]
[Black "Ret Adam Josef"]
[Result "1/2-1/2"]
[TimeControl "20+5"]
[WhiteFideId "23718765"]
[BlackFideId "384240"]
[WhiteElo "1982"]
[BlackElo "2038"]

1. Nf3 d5 2. c4 e6 3. g3 Nf6 4. Bg2 Be7 5. d4 O-O 6. Nc3 dxc4 7. Ne5 c5 8. dxc5 Qxd1+ 9. Nxd1 Bxc5 10.
O-O Nd5 11. Ne3 Nxe3 12. Bxe3 Bxe3 13. fxe3 Nc6 14. Nxc4 Bd7 15. Rad1 Rad8 16. Nd6 Bc8 17. Nxc8 Rxc8 18. Rd7 Ne5 19. Rxb7 Rc2 20. Rxa7 Rxb2 21. a4 Rxe2 22. a5 Nc4 23.
Rc1 Nxe3 24. Bf3 Ra2 25.
a6 g6 26. Re1 Nd5 27. Bxd5 1/2-1/2



[ePGN "0.1;DGT LiveChess/2.2.6"]

[Event "MČR juniorů a juniorek v rapid šachu 2024"]
[Site "Hotel Fit Fun, Harrachov, Czech Republic"]
[Date "2024.09.22"]
[Round "9.9"]
[White "Sulcova Tereza Radmila"]
[Black "Vilimek Vit"]
[Result "0-1"]
[TimeControl "20+5"]
[WhiteFideId "395196"]
[BlackFideId "23718218"]
[WhiteElo "1800"]
[BlackElo "2025"]

1. e4 c5 2. c4 g6 3. Nc3 Bg7 4. g3 Nc6 5. Bg2 d6 6. Nge2 e6 7. O-O Nge7 8. d3 O-O 9. Rb1 a6 10. a3 Rb8 11. b4 cxb4 12.
axb4 b5 13. cxb5 axb5 14. d4 d5 15. e5 Qb6 16. Kh1 Nf5 17.
Be3 Bd7 18. Qd3 Rfc8 19. g4 Nxe3 20. Qxe3 Bf8 21. Na2 Ra8 22. Nec3 Qxd4 23. Qg3 Nxb4 24. Ne2 Qc4 25. Nac1 Na2 26. Re1 Nxc1 27. Rbxc1 Qxe2 28. Rxe2 Rxc1+ 29. Bf1 Rxf1+ 30. Kg2 Raa1 31. Qf4 Rg1+ 32. Kh3 Ra4 33.
Qf6 Raxg4 34. Qd8 Rg5 0-1